 Dungeon Crawl Stone Soup version 0.26-a0-661-g406de6ba63 (webtiles) character file.

Game seed: 5493648557606592839

135 heikuro the Skirmisher (level 5, -1/42 HPs)
             Began as a Formicid Abyssal Knight on Oct 8, 2020.
             Was a Believer of Lugonu.
             Killed from afar by an orc wizard (5 damage)
             ... with a magic dart
             ... on level 3 of the Dungeon.
             The game lasted 00:04:54 (3003 turns).

heikuro the Skirmisher (Formicid Abyssal Knight)    Turns: 3003, Time: 00:04:55

Health: -1/42      AC: 11    Str: 17    XL:     5   Next: 42%
Magic:  7/7        EV:  5    Int: 12    God:    Lugonu [**....]
Gold:   169        SH:  3    Dex: 10    Spells: 4/4 levels left

rFire    . . .     SeeInvis +   a - +1 spear
rCold    . . .     Faith    .   p - +0 buckler
rNeg     . . .     Spirit   .   j - +0 plate armour
rPois    .         Reflect  .   (helmet unavailable)
rElec    .         Harm     .   (no cloak)
rCorr    .         Rampage  .   (no gloves)
MR       .....                  (no boots)
Stlth    ..........             (no amulet)
HPRegen  0.14/turn              (no ring)
MPRegen  0.10/turn              (no ring)

@: no status effects
A: permanent stasis, dig shafts and tunnels, four strong arms, antennae 3
a: Dig, Shaft Self, Depart the Abyss, Bend Space, Renounce Religion


You were on level 3 of the Dungeon.
You worshipped Lugonu.
Lugonu was pleased with you.
You visited 1 branch of the dungeon, and saw 3 of its levels.
You visited the Abyss 1 time.

You collected 169 gold pieces.

Inventory:

Hand Weapons
 a - a +1 spear (weapon)
 e - a +0 hand axe
Missiles
 b - 164 stones (quivered)
 k - 18 poisoned darts
 m - 13 sling bullets
Armour
 j - a +0 plate armour (worn)
 p - a +0 buckler (worn)
Scrolls
 c - a scroll of fog {unknown}
 f - a scroll of fear {unknown}
 g - 3 scrolls of remove curse
 l - 2 scrolls of teleportation {unknown}
 o - a scroll of amnesia {unknown}
 q - 2 scrolls of identify
Potions
 d - 2 potions of flight {unknown}
 h - a potion of lignification
 i - 2 potions of might
 n - a potion of curing {unknown}


   Skills:
 + Level 4.0 Fighting
 * Level 3.5 Polearms
 + Level 3.0 Armour
 - Level 1.0 Dodging
 + Level 1.0 Shields
 + Level 3.2 Invocations


You had 4 spell levels left.
You didn't know any spells.
Your spell library was empty.

Dungeon Overview and Level Annotations

Branches:
Dungeon (3/15)

Altars:
Xom
Zin


Innate Abilities, Weirdness & Mutations

You cannot be hasted, slowed, berserked, paralysed or teleported.
You can dig through walls and to a lower floor.
Your four strong arms can wield two-handed weapons with a shield.
You have a pair of large antennae on your head. (SInv)


Message History

You block the orc wizard's attack.
You hit the orc wizard but do no damage.
The orc wizard is heavily wounded.
The orc wizard hits you but does no damage.
The orc hits you from afar with a +0 trident.
* * * LOW HITPOINT WARNING * * *
You block the orc wizard's attack.
You hit the orc wizard but do no damage.
The orc wizard is heavily wounded.
The orc wizard hits you but does no damage.
The orc hits you but does no damage.
You hit the orc wizard.
The orc wizard is severely wounded.
The orc wizard hits you with a +0 dagger.
* * * LOW HITPOINT WARNING * * *
The orc hits you from afar with a +0 trident.
* * * LOW HITPOINT WARNING * * *
The orc wizard points at you and mumbles some strange words.
The magic dart hits you.
You die...

######### ############
#.......###........... ##
###.#####.##...######### .#
#..............## .#
####.#.#####.#.....# .# #.......#
#####'### .# #.##.#÷.######8...8#
## .######.##.#..oo@.##.....# #.
........##.##.########...# #.
.#####..##.##.# #A#.._# #. ####
#..##.##.# ####### #. ...#
#..##.##†############# #. ##.#
#..##.#.....##.......## ##. ##.#
#... ###'''###.......####..
.......... #≈≈...≈≈##......'.....
.......#.##≈≈#...#≈≈##.....####..


You could see an orc wizard (fast) and an orc.

Vanquished Creatures
  Natasha (twice) (D:3)
  A gnoll (D:1)
  2 adders (D:2)
  2 dart slugs
  2 orcs (D:3)
  5 giant cockroaches
  2 goblins
  11 hobgoblins
  2 jackals (D:3)
  A quokka (D:3)
  2 ball pythons
  3 bats
  3 frilled lizards (D:1)
  6 kobolds
  9 rats
53 creatures vanquished.

Vanquished Creatures (others)
  A plant (Abyss:1)
1 creature vanquished.

Grand Total: 54 creatures vanquished

Notes
Turn   | Place    | Note
-------+----------+-------------------------------------------
     0 | Abyss:1  | heikuro the Formicid Abyssal Knight began the quest for the
                  | Orb.
     0 | Abyss:1  | Reached XP level 1. HP: 18/18 MP: 2/2
   112 | Abyss:1  | Noticed an ancient zyme
   113 | D:1      | Escaped the Abyss
   177 | D:1      | You fall into a shaft and drop 1 floor!
   316 | D:1      | Reached * piety under Lugonu
   340 | D:1      | Reached skill level 1 in Dodging
   373 | D:1      | Reached XP level 2. HP: 24/24 MP: 3/3
   800 | D:1      | Reached XP level 3. HP: 29/29 MP: 4/4
  1405 | D:2      | Reached XP level 4. HP: 21/37 MP: 6/6
  2033 | D:2      | Reached ** piety under Lugonu
  2395 | D:3      | Found a shimmering altar of Xom.
  2396 | D:3      | Found a shimmering altar of Xom.
  2400 | D:3      | Found a shimmering altar of Xom.
  2406 | D:3      | Found a shimmering altar of Xom.
  2407 | D:3      | Found a shimmering altar of Xom.
  2407 | D:3      | Found a shimmering altar of Xom.
  2531 | D:3      | Noticed Natasha
  2545 | D:3      | Killed Natasha
  2545 | D:3      | Reached XP level 5. HP: 31/42 MP: 7/7
  2568 | D:3      | Noticed Natasha
  2576 | D:3      | Killed Natasha
  2576 | D:3      | Reached skill level 4 in Fighting
  2772 | D:3      | Noticed an angel
  2773 | D:3      | Found a glowing silver altar of Zin.
  2801 | D:3      | Reached skill level 1 in Shields
  3003 | D:3      | Killed from afar by an orc wizard

Illustrated notes

Levels and vault maps discovered:
D:1:      dpeg_arrival_snail, layout_basic, serial_park_tiny_1
D:2:      layout_loops_ring
D:3:      layout_loops_corners, zin_angel, st_stairs_14,
          kennysheep_cluttered_room, xom_redecorated, uniq_natasha

Skill      XL: |  1  2  3  4  5 |
---------------+----------------+-----
Dodging        | 1 |  1.0
Polearms       | 3 |  3.5
Invocations    | 3 |  3.2
Fighting       | 4 |  4.0
Armour         | 3 |  3.0
Shields        | 1 |  1.0

Action                   |  1- 3 |  4- 6 || total
-------------------------+-------+-------++-------
Melee: Spear             |   111 |   123 ||   234
Throw: Stone             |     9 |     2 ||    11
       Dart              |       |     1 ||     1
Invok: Depart the Abyss  |     1 |       ||     1
  Use: Scroll            |       |     4 ||     4
Armor: Ring mail         |    25 |     2 ||    27
       Plate armour      |       |    58 ||    58
Dodge: Dodged            |    45 |    31 ||    76
Block: Buckler           |       |    10 ||    10

Table legend: (Time is in decaauts)
 A = Elapsed time spent in this place.
 B = Non-inter-level travel time spent in this place.
 C = Inter-level travel time spent in this place.
 D = Time resting spent in this place.
 E = Time spent auto-exploring this place.
 F = Levels seen in this place.
 G = Mean time per level.
                   A        B        C        D        E       F      G
               +--------+--------+--------+--------+--------+-----+--------+
         Total |   2997 |   2875 |    122 |    566 |   1658 |   4 |  749.2 |
       Dungeon |   2884 |   2762 |    122 |    566 |   1555 |   3 |  961.3 |
         Abyss |    113 |    113 |      0 |      0 |    103 |   1 |  113.0 |
               +--------+--------+--------+--------+--------+-----+--------+

Top non-repeatable levels by time:
     D:1: 1227 daAuts
     D:2: 1088 daAuts
     D:3: 568 daAuts
 Abyss:1: 113 daAuts
